[Event "Late-Titled-Tuesday-Blitz-October-10-2023"]
[Site "Chess.com"]
[Date "2023.10.10"]
[Round "5"]
[White "frederiksvane"]
[Black "Baku_Boulevard"]
[Result "1/2-1/2"]
[WhiteElo "2911"]
[BlackElo "3038"]
[TimeControl "180+1"]
[EndTime "14:54:13 PDT"]
[Termination "Game drawn by stalemate"]

1. c4 c5 2. Nf3 g6 3. e4 Nc6 4. d4 cxd4 5. Nxd4 Nf6 6. Nc3 Nxd4 7. Qxd4 d6 8. f3 Bg7 9. Be3 O-O 10. Qd2 a5 11. b3 a4 12. Rb1 axb3 13. axb3 Be6 14. Be2 Nd7 15. O-O Qa5 16. b4 Qa3 17.
Nd5 Bxd5 18. cxd5 Bc3 19. Qc1 Bxb4 20. Qxa3 Rxa3 21. Rxb4 Rxe3 22. Kf2 Ra3 23. Rxb7 Nc5 24. Rxe7 Rb8 25. e5 dxe5 26. Rxe5 Rb2 27. Re3 Rxe3 28. Kxe3 Kf8 29. Rc1 Nd7 30. Rc6 Ke7 31. d6+ Kf6 32. f4 Rb3+ 33. Kd4 Rb2 34. Bg4 Nf8 35.
Rc8 Ne6+ 36. Kd5 Rd2+ 37. Kc6 Nd4+ 38. Kc5 Nb3+ 39. Kb4 h5 40. d7 hxg4 41. d8=Q+ Rxd8 42. Rxd8 Nc1 43. Rd2 Kf5 44. Kc3 Ke4 45. Kb2 Nd3+ 46.
Kc3 Nxf4 47. Rd7 f5 48. g3 Nd5+ 49. Kd2 g5 50. Rg7 Nf6 51. Ke2 f4 52. Rxg5 f3+ 53.
Kf2 Kd3 54. Rg6 Ne4+ 55. Kf1 Ke3 56. Re6 Kd3 57. Re8 Kd4 58. Re6 Ke3 59. Re8 Kd3 60. Ra8 Ke3 61. Ra3+ Kd4 62. Ke1 Nc5 63. Kf2 Nd3+ 64.
Kf1 Ne5 65. Ra4+ Ke3 66. Rf4 Kd3 67. Rf5 Ke4 68. Rf8 Nc4 69. Kf2 Ne5 70. Rf4+ Kd3 71. h3 gxh3 72. Rh4 h2 73. Kf1 Ke3 74. Rxh2 Nc4 75. g4 Kf4 76. Ra2 Ne3+ 77. Kg1 Nxg4 78.
Ra4+ Kg3 79. Rxg4+ Kxg4 80. Kf2 Kf4 81. Kf1 Ke4 82. Kf2 Kf4 83. Kf1 Kg3 84. Kg1 f2+ 85. Kf1 Kf3 1/2-1/2

[Event "Late-Titled-Tuesday-Blitz-October-10-2023"]
[Site "Chess.com"]
[Date "2023.10.10"]
[Round "5"]
[White "angryspacevoid"]
[Black "Walter_White_Poland"]
[Result "1/2-1/2"]
[WhiteElo "2537"]
[BlackElo "2340"]
[TimeControl "180+1"]
[EndTime "14:54:26 PDT"]
[Termination "Game drawn - insufficient material"]

1. d4 Nf6 2. c4 e6 3. Nf3 c5 4.
g3 cxd4 5. Nxd4 d5 6. cxd5 Qxd5 7. Rg1 e5 8. Nb3 Qxd1+ 9. Kxd1 Nc6 10. Nc3 Bf5 11.
a3 O-O-O+ 12. Ke1 Bc2 13. Nd2 e4 14. Bg2 e3 15. fxe3 Bc5 16. Nf1 Rhe8 17. Bd2 Bb3 18. Rc1 Kb8 19. h3 Bb6 20. Rh1 Na5 21. e4 Ka8 22.
Ne3 Nh5 23. Ncd5 Nxg3 24. Rh2 Nxe4 25. Bxe4 Rxe4 26. Nxb6+ axb6 27. Rg2 g6 28. Rg4 Rxg4 29.
hxg4 Nc6 30. g5 Ne5 31. Rc7 Rd7 32. Rc8+ Ka7 33. Bc3 Nc6 34. Ng4 Be6 35. Nf6 Rd8 36. Rxd8 Nxd8 37. Nxh7 b5 38. Bd4+ Kb8 39. Nf6 Nc6 40.
Bc5 Kc7 41. Ne8+ Kd7 42. Nf6+ Kc7 43. Bf8 b6 44. Ne8+ Kd8 45. Nd6 Bc4 46. Kd2 Ne5 47.
Bg7 Ng4 48. e4 Kd7 49. Nxc4 bxc4 50. Bd4 Kc6 51. Kc3 b5 52. a4 bxa4 53. Kxc4 Nh2 54. Kb4 Nf3 55. Bc3 Nxg5 56. e5 Ne4 57. Bd4 g5 58.
Kxa4 Kd5 59. Bg1 Kxe5 60. b4 Kd5 61. b5 Nc3+ 62. Kb4 Nxb5 63. Kxb5 f5 64. Bh2 f4 65. Kb4 Ke4 66. Kc3 g4 67. Kd2 g3 68. Bg1 f3 69. Ke1 Kd3 70. Bf2 g2 71. Bg1 Ke4 72. Kf2 Kf5 73. Kxf3 Kg6 74. Kg3 Kf7 75. Kf3 Ke8 76.
Kg3 Kd7 77. Kf3 Kc8 78. Ke4 Kd7 79. Kf3 Kc8 80. Kf4 Kd7 81. Kg4 Kc6 82. Kf3 Kb5 83. Kf4 Kc4 84. Kg3 Kd3 85. Kf2 Kd2 86. Kf3 Ke1 87. Kg3 Kf1 88. Kh2 Ke2 89. Ba7 Kf1 90. Bg1 Ke2 91. Kxg2 1/2-1/2

[Event "Late-Titled-Tuesday-Blitz-October-10-2023"]
[Site "Chess.com"]
[Date "2023.10.10"]
[Round "5"]
[White "GianmarcoVaR"]
[Black "koncheto"]
[Result "1/2-1/2"]
[WhiteElo "2665"]
[BlackElo "2496"]
[TimeControl "180+1"]
[EndTime "14:54:38 PDT"]
[Termination "Game drawn - insufficient material"]

1. e4 c5 2. Nf3 d6 3. c3 Nf6 4. Bd3 g6 5. O-O Bg4 6. Bc2 Nc6 7. h3 Bxf3 8. Qxf3 Bg7 9. Qe2 a6 10. a4 Rb8 11. d3 b5 12. axb5 axb5 13. Nd2 b4 14.
Nc4 O-O 15. Bf4 Nd7 16. Qd2 bxc3 17. bxc3 Nb6 18. Bb3 Nxc4 19. Bxc4 Ne5 20. Bxe5 Bxe5 21. f4 Bg7 22. f5 Qb6 23. Rf2 Kh8 24. Raf1 Qa5 25.
fxg6 fxg6 26. Rxf8+ Rxf8 27. Rxf8+ Bxf8 28. Qf4 Bg7 29. Qf7 Qd8 30. Be6 Bxc3 31. h4 Bg7 32. h5 gxh5 33.
Qxh5 Qf8 34. Bf5 h6 35. Qg6 Kg8 36. Qh7+ Kf7 37. Qg6+ Kg8 38. Qh7+ Kf7 39. Bg6+ Kf6 40. Bh5 e6 41. Qg6+ Ke7 42. Bg4 Bd4+ 43. Kh2 Qf4+ 44. Kh3 Qf6 45. Qh7+ Qg7 46. Qxg7+ Bxg7 47. Kg3 Be5+ 48.
Kf3 Kf6 49. Ke3 Bd4+ 50. Kf3 d5 51. exd5 exd5 52. Ke2 Ke5 53. Bh5 Bg1 54. Bg6 Kd4 55. Bf7 c4 56. dxc4 dxc4 57. Kd2 Be3+ 58. Kc2 Bf4 59.
Bh5 Bd6 60. Bf3 Bb4 61. Bh5 Ke3 62. Bf3 Kf2 63. Bd5 c3 64. Bf3 h5 65. Kb3 h4 66.
Be4 Ba5 67. Ka4 Bc7 68. Kb4 Be5 69. Kb3 Bf6 70. Kc2 Bd4 71. Bd5 Kg1 72. Be4 Kf2 73.
Kd3 Bf6 74. Bd5 Kg3 75. Be4 Kf4 76. Bd5 Bh8 77. Bb3 Be5 78. Ke2 Kg3 79. Kf1 Kf4 80.
Ke2 Bd4 81. Kd3 Kg3 82. Bd5 Be5 83. Be4 Bf6 84. Kc2 Bd4 85. Kd3 Kf2 86. Kxd4 c2 87. Bxc2 Kxg2 88. Ke3 h3 89. Be4+ Kg3 90. Bh1 h2 91.
Ke2 Kh3 92. Kf3 Kh4 93. Kf4 Kh5 94. Bf3+ Kg6 95. Kg3 Kf6 96. Bh1 Ke6 97. Kxh2 1/2-1/2

[Event "Late-Titled-Tuesday-Blitz-October-10-2023"]
[Site "Chess.com"]
[Date "2023.10.10"]
[Round "5"]
[White "Atanejhad"]
[Black "K_alena13"]
[Result "1-0"]
[WhiteElo "2386"]
[BlackElo "2147"]
[TimeControl "180+1"]
[EndTime "14:54:39 PDT"]
[Termination "Atanejhad won on time"]

1. d4 d5 2. c4 dxc4 3. e4 b5 4. a4 c6 5. axb5 cxb5 6. b3 e6 7. bxc4 bxc4 8. Bxc4 Nf6 9. e5 Nd5 10.
Nf3 Bb4+ 11. Bd2 Bxd2+ 12. Nbxd2 O-O 13. O-O a5 14. Ne4 Ba6 15. Bxa6 Nxa6 16. Nfg5 h6 17. Nf3 Nab4 18. Nc5 Qe7 19. Qe2 Rfd8 20. g3 Nc6 21. Qc4 Ndb4 22. Rfd1 Rd5 23. Na4 Qc7 24. Nc3 Rd7 25. Nb5 Qb6 26. Nd6 Rc7 27. Qe2 Ne7 28. Rdb1 Ned5 29. Rb3 Qc6 30. Qe4 Qc2 31. Qxc2 Rxc2 32.
Rba3 Rc3 33. Nb5 Rxa3 34. Rxa3 Kf8 35. Nd2 Ke7 36. Nc4 a4 37. Nbd6 Nc2 38. Ra2 Nxd4 39. f4 a3 40. Rxa3 Rxa3 41. Nxa3 f6 42. Ndc4 fxe5 43.
Nxe5 Kf6 44. Nac4 Nb3 45. Nd6 Nc5 46. Kg2 Ke7 47. Ndc4 Ne4 48. h3 Nd6 49. Ng6+ Kd7 50.
Nce5+ Ke8 51. Kf3 Nf5 52. Nc4 Nf6 53. Nge5 Ke7 54. g4 Nd4+ 55. Ke3 Nb5 56. Nd2 Nd6 57. Ne4 Nd5+ 58. Kf3 Nb5 59. Nc5 Nd4+ 60. Kg3 Nb5 61. Nc4 Nd6 62. Nxd6 Kxd6 63. Ne4+ Ke7 64. h4 Kf7 65. h5 Ne7 66. Kf3 Nd5 67. Nd6+ Ke7 68. Nc4 Nc7 69. Ne5 Ne8 70. Ke4 Kf6 71. Kf3 Nc7 72.
Nd7+ Kf7 73. Nc5 Kf6 74. Ke4 Ne8 75. Nd7+ Ke7 76. Ne5 Nd6+ 77. Kf3 Kf6 78. Nd7+ Ke7 79. Nc5 Kf6 80. Ne4+ Nxe4 81. Kxe4 Kf7 82. Ke5 Ke7 83. g5 Kf7 84. Kd6 hxg5 85. fxg5 e5 86. Kxe5 Ke7 87.
Kf5 Kf7 88. Ke5 Ke7 89. g6 Kf8 90. Ke6 Ke8 91. h6 gxh6 92. g7 1-0

[Event "Late-Titled-Tuesday-Blitz-October-10-2023"]
[Site "Chess.com"]
[Date "2023.10.10"]
[Round "5"]
[White "dretch"]
[Black "THE_PLAYER6"]
[Result "1/2-1/2"]
[WhiteElo "2843"]
[BlackElo "2622"]
[TimeControl "180+1"]
[EndTime "14:54:55 PDT"]
[Termination "Game drawn by 50-move rule"]

1. d4 Nf6 2. c4 e6 3. Nc3 Bb4 4. Qc2 d5 5. cxd5 exd5 6. Bg5 h6 7. Bxf6 Qxf6 8. a3 Bxc3+ 9. Qxc3 O-O 10. e3 Bf5 11.
Nf3 Nd7 12. Rc1 Rfc8 13. Be2 c5 14. O-O c4 15. Ne5 Nxe5 16. dxe5 Qe6 17. Rfd1 Re8 18. f4 Be4 19. Qb4 a5 20. Qb5 b6 21. b3 Qg6 22.
Bf1 cxb3 23. Qxb3 Rac8 24. Qb5 Kh7 25. Re1 h5 26. Qb2 h4 27. Qf2 Qg4 28. Be2 Qg6 29.
Qxh4+ Kg8 30. Qg4 Qxg4 31. Bxg4 Rxc1 32. Rxc1 b5 33. Rc7 Rb8 34. e6 fxe6 35. Bxe6+ Kh8 36. Rc5 b4 37. axb4 axb4 38. Bxd5 Bg6 39. e4 b3 40. Rc1 b2 41. Rb1 Rb5 42. f5 Bh5 43. Kf2 Bd1 44. Rxd1 b1=Q 45. Rxb1 Rxb1 46. g4 Kh7 47. h4 Rb2+ 48. Kf3 Kh6 49. Bf7 Rb1 50. g5+ Kh7 51. h5 Rg1 52. Kf4 Rf1+ 53. Ke5 Rg1 54.
Bg6+ Kg8 55. Kd6 Rxg5 56. e5 Rg1 57. e6 Rd1+ 58. Ke7 Ra1 59. Bf7+ Kh7 60. Kf8 Ra8+ 61.
Ke7 Kh6 62. Kd7 Ra7+ 63. Kd6 Ra6+ 64. Kc7 Ra7+ 65. Kb6 Re7 66. Kc6 Kg5 67. Bg6 Kf6 68. Kd6 Ra7 69. Kc6 Ra6+ 70. Kc7 Ra7+ 71. Kd8 Ra8+ 72.
Kc7 Ra7+ 73. Kb6 Re7 74. Kc5 Rc7+ 75. Kd5 Ra7 76. Ke4 Kg5 77. Ke5 Ra5+ 78. Kd6 Kf6 79. Kd7 Ra7+ 80. Kc6 Ra6+ 81. Kb5 Ra7 82. Kc4 Ra8 83.
Kd4 Ke7 84. Ke5 Ra1 85. Kf4 Rf1+ 86. Kg5 Rg1+ 87. Kf4 Kf6 88. Ke4 Ra1 89. Kd5 Ra6 90. Kc5 Ke5 91. Kb5 Ra7 92. Kb6 Re7 93. Kc6 Kf6 94. Kc5 Ra7 95. Kb6 Ra1 96. Kc7 Rd1 97. Kc6 Ke7 98. Kc5 Rd2 99. Kc4 Kd6 100. Kc3 Rf2 101.
Kd3 Rf4 102. Ke3 Rh4 103. Kf3 Ra4 104. Kg3 Ke7 105. Kf3 Kf6 106. Ke3 Rb4 107. Kd3 1/2-1/2

[Event "Late-Titled-Tuesday-Blitz-October-10-2023"]
[Site "Chess.com"]
[Date "2023.10.10"]
[Round "5"]
[White "kreonx"]
[Black "Mackster23"]
[Result "1/2-1/2"]
[WhiteElo "2493"]
[BlackElo "2664"]
[TimeControl "180+1"]
[EndTime "14:55:02 PDT"]
[Termination "Game drawn by repetition"]

1. e4 c6 2. d4 d5 3. e5 c5 4.
dxc5 Nc6 5. Bb5 Qc7 6. Qxd5 Be6 7. Bxc6+ bxc6 8. Qd4 Rd8 9. Qc3 g6 10. Bf4 Nh6 11.
Nf3 Bg7 12. O-O O-O 13. Nbd2 Nf5 14. Rfd1 h6 15. h3 g5 16. Bh2 Bd5 17. b4 e6 18.
Qb2 Qb7 19. c4 Bxf3 20. Nxf3 Rb8 21. a3 a5 22. Rab1 axb4 23. axb4 Rfd8 24. Rxd8+ Rxd8 25. b5 Bf8 26. bxc6 Qxc6 27. Qb6 Rc8 28. Qxc6 Rxc6 29. g4 Ne7 30. Rb5 Nc8 31. Nd4 Rxc5 32. Rxc5 Bxc5 33. Nb3 Ba7 34. Kf1 Kf8 35. f4 Ke7 36. fxg5 hxg5 37. Bg1 Bb8 38. Bd4 Kd7 39. Ke2 Ne7 40. Kd3 Ng6 41. Ke4 Nf4 42. h4 Ng6 43. h5 Nf8 44. Nc5+ Kc6 45. Na6 Bc7 46. Nxc7 Kxc7 47. Bc5 Nh7 48.
Be7 Kc6 49. Kd4 Kd7 50. Bf6 Kc6 51. h6 Nf8 52. Bxg5 Nh7 53. Be7 Kd7 54. Bf6 Kc6 55.
g5 Nf8 56. Be7 Nh7 57. c5 Kd7 58. Bf6 Kc6 59. Kc4 Nf8 60. Be7 Nh7 61. Kb4 Kd7 62.
Bf6 Kc6 63. Kc4 Nf8 64. Bg7 Nh7 65. Kd4 Nxg5 66. Bf6 Nh7 67. Be7 Kd7 68. Bd6 Kc6 69.
Ke4 Kd7 70. Kf4 Kc6 71. Kg4 Kd7 72. Kf3 Kc6 73. Ke4 Kd7 74. Kd4 Kc6 75. Kc4 Ng5 76.
Be7 Nh7 77. Kb4 Kd7 78. Bh4 Kc6 79. Kc4 Nf8 80. Bg5 Nh7 81. Be7 Kd7 82. Kb5 Kxe7 83. Kb6 f5 84. exf6+ Nxf6 85. c6 Kf7 86. Kb7 Ne8 87.
Kc8 e5 88. Kd7 e4 89. h7 Kg7 90. Kd8 e3 91. Kxe8 e2 92. Kd8 e1=Q 93. c7 Qd2+ 94. Kc8 Qd6 95. Kb8 Kxh7 96. Ka8 Qc6+ 97. Kb8 Qb5+ 98. Ka8 Qa6+ 99. Kb8 Qb6+ 100. Ka8 Qa5+ 101. Kb8 Qe5 102. Kb7 Qe7 103. Kb8 Qd6 104. Ka8 Qd7 105. Kb8 Qb5+ 106. Ka8 Qc6+ 107. Kb8 Qb6+ 108. Ka8 Qc6+ 1/2-1/2

[Event "Late-Titled-Tuesday-Blitz-October-10-2023"]
[Site "Chess.com"]
[Date "2023.10.10"]
[Round "6"]
[White "GoltsevDmitry2000"]
[Black "tptagain"]
[Result "1/2-1/2"]
[WhiteElo "2719"]
[BlackElo "2876"]
[TimeControl "180+1"]
[EndTime "14:57:33 PDT"]
[Termination "Game drawn by repetition"]

1. e4 c5 2. Nf3 Nc6 3. d4 cxd4 4. Nxd4 e5 5. Nf5 d5 6. Qxd5 Qxd5 7. exd5 Bxf5 8.
dxc6 bxc6 9. Bd3 Bxd3 10. cxd3 Rd8 11. Ke2 Bc5 12. Be3 Bb6 13. Nd2 Ne7 14. Nc4 f6 15.
Bxb6 axb6 16. Nxb6 Rb8 17. Nc4 Nf5 18. Rhc1 Kd7 19.
Rab1 Rb4 20. a3 Nd4+ 21. Ke3 Nf5+ 22. Ke2 Nd4+ 23. Ke3 Nf5+ 24. Ke2 1/2-1/2

[Event "Late-Titled-Tuesday-Blitz-October-10-2023"]
[Site "Chess.com"]
[Date "2023.10.10"]
[Round "6"]
[White "Alina_Gumerovna"]
[Black "PapaieDudu"]
[Result "0-1"]
[WhiteElo "2132"]
[BlackElo "2362"]
[TimeControl "180+1"]
[EndTime "14:57:46 PDT"]
[Termination "PapaieDudu won by resignation"]

1. Nf3 d5 2. g3 e6 3. d3 Nf6 4.
Bg2 c5 5. Nbd2 Nc6 6. O-O Be7 7. e4 d4 8. a4 O-O 9. Nc4 b6 10. Nfe5 Qc7 11. f4 a6 12. g4 Bb7 13. g5 Nd7 14.
Qh5 b5 15. axb5 axb5 16. Nxc6 Bxc6 17. Ne5 Rxa1 0-1

[Event "Late-Titled-Tuesday-Blitz-October-10-2023"]
[Site "Chess.com"]
[Date "2023.10.10"]
[Round "6"]
[White "shimastream"]
[Black "tjallkompall"]
[Result "1-0"]
[WhiteElo "2994"]
[BlackElo "2752"]
[TimeControl "180+1"]
[EndTime "14:57:53 PDT"]
[Termination "shimastream won by resignation"]

1. d4 Nf6 2. Bg5 c5 3. Nc3 cxd4 4. Qxd4 Nc6 5. Qh4 d6 6. O-O-O Qa5 7. e4 Be6 8. a3 Rc8 9. Nge2 h6 10. Bxf6 exf6 11.
Kb1 Ne5 12. f4 Nc4 13. Rd3 f5 14. Nd4 fxe4 15. Nxe4 Qe1+ 16. Qxe1 1-0

[Event "Late-Titled-Tuesday-Blitz-October-10-2023"]
[Site "Chess.com"]
[Date "2023.10.10"]
[Round "6"]
[White "GAO"]
[Black "luizzy"]
[Result "0-1"]
[WhiteElo "2349"]
[BlackElo "2548"]
[TimeControl "180+1"]
[EndTime "14:58:25 PDT"]
[Termination "luizzy won by resignation"]

1. Nf3 Nf6 2. d4 g6 3. Bg5 Bg7 4. Nbd2 d5 5. e3 O-O 6. Bd3 c5 7. c3 Qb6 8. Rb1 Nc6 9. O-O Bf5 10. Bxf5 gxf5 11. a3 c4 12. b3 cxb3 13. Nxb3 Qc7 14. Bf4 Qc8 15. Nc5 b6 16. Nd3 Ne4 17. Qc2 Na5 18.
Nde5 Qxc3 19. Rfc1 Rfc8 20. Qxc3 Nxc3 0-1

[Event "Late-Titled-Tuesday-Blitz-October-10-2023"]
[Site "Chess.com"]
[Date "2023.10.10"]
[Round "6"]
[White "ChristopherYoo"]
[Black "Semetey"]
[Result "1-0"]
[WhiteElo "3017"]
[BlackElo "2556"]
[TimeControl "180+1"]
[EndTime "14:58:37 PDT"]
[Termination "ChristopherYoo won by resignation"]

1. c4 c5 2. b3 Nc6 3. Bb2 e5 4. Nf3 d6 5. e3 g6 6. d4 Bg7 7. dxc5 dxc5 8. Qxd8+ Kxd8 9. Nc3 Be6 10. O-O-O+ Ke7 11. Nd5+ Bxd5 12. cxd5 Nb4 13. a3 Na6 14. Bxa6 bxa6 15. Nxe5 Bxe5 16. Bxe5 Nf6 17. f3 Rhc8 18. e4 Nd7 19. Bf4 a5 20. Kd2 a4 21. bxa4 Nb6 22.
Rb1 Nxa4 23. Rb7+ Kf6 24. Rc1 c4 25. Be3 a5 26. Bd4+ Kg5 27. Rxf7 Rab8 28. Be3+ 1-0

[Event "Late-Titled-Tuesday-Blitz-October-10-2023"]
[Site "Chess.com"]
[Date "2023.10.10"]
[Round "6"]
[White "pirulillo"]
[Black "rdarruda"]
[Result "0-1"]
[WhiteElo "2327"]
[BlackElo "2508"]
[TimeControl "180+1"]
[EndTime "14:58:46 PDT"]
[Termination "rdarruda won by resignation"]

1. e4 c5 2. Nf3 Nc6 3. b4 cxb4 4. d4 d6 5. d5 Ne5 6. Nd4 g6 7. f4 Nd7 8. Bb2 Ngf6 9. Nd2 Bg7 10. Bd3 O-O 11.
Qe2 Nc5 12. O-O Na4 13. e5 Nxb2 14. exf6 Bxf6 15. N2f3 Bg4 16. Rab1 Bxd4+ 17. Nxd4 Bxe2 18. Bxe2 Qb6 0-1

[Event "Late-Titled-Tuesday-Blitz-October-10-2023"]
[Site "Chess.com"]
[Date "2023.10.10"]
[Round "6"]
[White "Fore_Man"]
[Black "Giorno"]
[Result "0-1"]
[WhiteElo "2271"]
[BlackElo "2513"]
[TimeControl "180+1"]
[EndTime "14:59:00 PDT"]
[Termination "Giorno won by resignation"]

1. Nf3 Nf6 2. c4 e6 3. d4 Bb4+ 4. Nc3 d5 5. e3 O-O 6. Bd3 dxc4 7. Bxc4 c5 8. O-O Qc7 9. d5 Bxc3 10. dxe6 Be5 11. exf7+ Kh8 12. Ng5 Nc6 13. f4 Bd6 14. e4 Be7 15. e5 Ng4 16. Ne4 Nh6 17.
Qh5 Bg4 0-1

[Event "Late-Titled-Tuesday-Blitz-October-10-2023"]
[Site "Chess.com"]
[Date "2023.10.10"]
[Round "6"]
[White "GMKrikor"]
[Black "stasOR4ik"]
[Result "1-0"]
[WhiteElo "2790"]
[BlackElo "2452"]
[TimeControl "180+1"]
[EndTime "14:59:01 PDT"]
[Termination "GMKrikor won by resignation"]

1. Nf3 d5 2. c4 c6 3. d4 Nf6 4.
Nc3 dxc4 5. a4 Bf5 6. Nh4 Bd7 7. e4 e6 8. Bxc4 Be7 9. Nf3 a6 10. O-O O-O 11. Re1 Re8 12. h4 Ng4 13. h5 a5 14. e5 f5 15. exf6 Bxf6 16. Re4 Nh6 17.
Bxh6 gxh6 18. Qd2 Bg7 19. Rae1 Qf6 20. Ne5 Kh8 21. Rf4 Qe7 22. Rf7 Qd6 23. Qf4 Rf8 24.
Ng6+ hxg6 25. Qxd6 Rxf7 26. Bxe6 Bxe6 27. Rxe6 Rd7 28.
Re8+ 1-0

[Event "Late-Titled-Tuesday-Blitz-October-10-2023"]
[Site "Chess.com"]
[Date "2023.10.10"]
[Round "6"]
[White "GianmarcoVaR"]
[Black "kreonx"]
[Result "1-0"]
[WhiteElo "2669"]
[BlackElo "2488"]
[TimeControl "180+1"]
[EndTime "14:59:02 PDT"]
[Termination "GianmarcoVaR won by resignation"]

1. e4 c6 2. d4 d5 3. e5 c5 4. Nf3 Nc6 5. dxc5 Bg4 6. Nbd2 e6 7. Nb3 Bxf3 8. Qxf3 Bxc5 9. Nxc5 Qa5+ 10. Qc3 Qxc3+ 11. bxc3 Nxe5 12. Bb5+ Ke7 13. Ba3 Kf6 14. f4 Ng6 15.
Nd7+ Kf5 16. Bd3+ Kxf4 17. O-O+ Kg5 18. Rxf7 Nf6 19. Bc1+ Kh5 20. Rxf6 gxf6 21. Nxf6+ Kh4 22. g3+ Kh3 23. Bh6 Ne5 24. Be2 Rhg8 25. Bf4 1-0

[Event "Late-Titled-Tuesday-Blitz-October-10-2023"]
[Site "Chess.com"]
[Date "2023.10.10"]
[Round "6"]
[White "PawnEatingZombie"]
[Black "Vamostodorecto"]
[Result "0-1"]
[WhiteElo "2211"]
[BlackElo "2435"]
[TimeControl "180+1"]
[EndTime "14:59:18 PDT"]
[Termination "Vamostodorecto won by resignation"]

1. e4 g6 2. d4 Bg7 3. Nc3 d6 4. h3 a6 5. Be3 b5 6. Nf3 Bb7 7. Bd3 Nd7 8. Qd2 c5 9. O-O-O c4 10. Be2 b4 11. Nb1 Bxe4 12. Bxc4 Bxf3 13. gxf3 Nb6 14. Bd3 a5 15. f4 Nf6 16. f5 Qc7 17. Qe2 a4 18.
Nd2 b3 19. Kb1 bxa2+ 20. Kxa2 a3 21. b3 Qc3 22. Rb1 Nfd5 23. Bb5+ Kf8 24. b4 Qxc2+ 25.
Ka1 Nc3 0-1

[Event "Late-Titled-Tuesday-Blitz-October-10-2023"]
[Site "Chess.com"]
[Date "2023.10.10"]
[Round "6"]
[White "Horokoskii"]
[Black "Blackwhite017"]
[Result "1-0"]
[WhiteElo "2124"]
[BlackElo "2039"]
[TimeControl "180+1"]
[EndTime "14:59:18 PDT"]
[Termination "Horokoskii won by resignation"]

1. c4 c6 2. e4 d5 3. exd5 cxd5 4.
d4 Nf6 5. Nf3 a6 6. Nc3 e6 7.
Bg5 dxc4 8. Bxc4 Be7 9. O-O O-O 10. Re1 b5 11. Bb3 Bb7 12. Qe2 Nc6 13. Rad1 Nb4 14. d5 e5 15. a3 e4 16. axb4 exf3 17. Qxe7 1-0

[Event "Late-Titled-Tuesday-Blitz-October-10-2023"]
[Site "Chess.com"]
[Date "2023.10.10"]
[Round "6"]
[White "Smiechu"]
[Black "Andrei_Skvortsov"]
[Result "1/2-1/2"]
[WhiteElo "2518"]
[BlackElo "2665"]
[TimeControl "180+1"]
[EndTime "14:59:22 PDT"]
[Termination "Game drawn by repetition"]

1. e4 c5 2. Nf3 d6 3. d4 cxd4 4. Nxd4 Nf6 5. Nc3 g6 6. Be3 Bg7 7. f3 O-O 8. Qd2 d5 9. exd5 Nxd5 10. Nxd5 Qxd5 11. c3 Nc6 12. Nxc6 Qxc6 13. Be2 Bf5 14. O-O Rad8 15. Qe1 a6 16. Qf2 Bd3 17. Rfd1 Bxe2 18.
Qxe2 Rfe8 19. Rxd8 Rxd8 20. Rd1 Rd6 21. Rxd6 Qxd6 22.
Qd2 Be5 23. Qxd6 Bxd6 24. Kf2 f5 25. h3 Kf7 26. Ke2 Ke6 27. Kd3 Kd5 28. c4+ Kc6 29. Kc3 e5 30. b4 b5 31. cxb5+ axb5 32. Kb3 Bc7 33. a4 Bd6 34. Bf2 Bc7 35. Be3 Bd6 36. Bf2 Bc7 37. Be3 1/2-1/2

[Event "Late-Titled-Tuesday-Blitz-October-10-2023"]
[Site "Chess.com"]
[Date "2023.10.10"]
[Round "6"]
[White "lluiss"]
[Black "EsmeraldasAnderson03"]
[Result "0-1"]
[WhiteElo "2210"]
[BlackElo "2422"]
[TimeControl "180+1"]
[EndTime "14:59:41 PDT"]
[Termination "EsmeraldasAnderson03 won by checkmate"]

1. Nf3 e5 2. Nxe5 Nf6 3. d4 d6 4.
Nf3 Be7 5. Bf4 O-O 6. e3 Bf5 7. Bd3 Bxd3 8. cxd3 Nh5 9. Bg3 Nxg3 10. hxg3 h6 11.
Nc3 c6 12. d5 c5 13. O-O a6 14.
d4 c4 15. e4 b5 16. a3 Nd7 17. e5 Qb6 18. Re1 Rfe8 19. Qd2 Bf8 20. e6 Nf6 21. Re2 a5 22. Rae1 b4 23. Na4 Qb5 24.
exf7+ Kxf7 25. Rxe8 Rxe8 26. Rxe8 Kxe8 27. Qc2 Be7 28. axb4 axb4 29. b3 c3 30. Qf5 Qxd5 31. Qc8+ Kf7 32. Nb6 Qxb3 33. d5 Qd1+ 34. Kh2 Ng4+ 35.
Kh3 Nxf2+ 36. Kh2 Qh1# 0-1

[Event "Late-Titled-Tuesday-Blitz-October-10-2023"]
[Site "Chess.com"]
[Date "2023.10.10"]
[Round "6"]
[White "NateSolon"]
[Black "sergoy"]
[Result "0-1"]
[WhiteElo "2579"]
[BlackElo "2967"]
[TimeControl "180+1"]
[EndTime "14:59:42 PDT"]
[Termination "sergoy won by resignation"]

1. d4 Nf6 2. Bf4 d5 3. e3 c5 4.
Nf3 Nc6 5. Nbd2 cxd4 6. exd4 Bg4 7.
c3 e6 8. Qb3 Qc8 9. Bd3 Be7 10.
O-O Bh5 11. h3 Bg6 12. Bxg6 hxg6 13. Rfe1 O-O 14. h4 a6 15. Ng5 b5 16. a3 Qb7 17.
Ndf3 a5 18. Qd1 b4 19. cxb4 axb4 20. a4 b3 21. Ne5 Na5 22. Re3 Rac8 23. Rh3 Rc2 24.
h5 gxh5 25. Rxh5 Nxh5 26. Qxh5 Bxg5 27. Bxg5 f6 28. Ng6 fxg5 29. Qh8+ Kf7 30. Nxf8 Qc8 31. Qh5+ Kxf8 32. Qh8+ Kf7 0-1

[Event "Late-Titled-Tuesday-Blitz-October-10-2023"]
[Site "Chess.com"]
[Date "2023.10.10"]
[Round "6"]
[White "ElCoachRene"]
[Black "rickywsb"]
[Result "0-1"]
[WhiteElo "2156"]
[BlackElo "2347"]
[TimeControl "180+1"]
[EndTime "14:59:48 PDT"]
[Termination "rickywsb won by resignation"]

1. d4 d5 2. Bf4 Nf6 3. e3 c5 4. c3 Nc6 5. Nd2 e6 6. Ngf3 cxd4 7.
exd4 Nh5 8. Bg3 Nxg3 9. hxg3 Bd6 10.
Bd3 h6 11. Qe2 a6 12. Ne5 Nxe5 13. dxe5 Bc5 14. Qg4 g5 15. Nf3 Qb6 16. O-O-O Bxf2 17. Kb1 Be3 0-1

[Event "Late-Titled-Tuesday-Blitz-October-10-2023"]
[Site "Chess.com"]
[Date "2023.10.10"]
[Round "6"]
[White "Grossboss19"]
[Black "EfrenRamos1"]
[Result "1-0"]
[WhiteElo "2499"]
[BlackElo "2391"]
[TimeControl "180+1"]
[EndTime "14:59:56 PDT"]
[Termination "Grossboss19 won by resignation"]

1. Nf3 d5 2. c4 c6 3. b3 Nf6 4.
Bb2 g6 5. g3 Bg7 6. Bg2 O-O 7.
O-O a5 8. a4 Na6 9. d3 Nb4 10.
Na3 Re8 11. Nc2 dxc4 12. Nxb4 axb4 13. dxc4 Qxd1 14. Rfxd1 Bf5 15. Ne1 Ne4 16. Bxg7 Kxg7 17. Bxe4 Bxe4 18. f3 Bf5 19. e4 Be6 20. Nd3 b5 21.
axb5 cxb5 22. c5 Bxb3 23. Rxa8 Rxa8 24. Rc1 Bc4 25. Nxb4 e6 26. c6 Kf8 27. Rd1 Ke8 28. c7 Rc8 29. Nc6 1-0

[Event "Late-Titled-Tuesday-Blitz-October-10-2023"]
[Site "Chess.com"]
[Date "2023.10.10"]
[Round "6"]
[White "Oleksandr_Bortnyk"]
[Black "NFChess13"]
[Result "1-0"]
[WhiteElo "3031"]
[BlackElo "2632"]
[TimeControl "180+1"]
[EndTime "15:00:02 PDT"]
[Termination "Oleksandr_Bortnyk won by resignation"]

1. f3 e5 2. g3 d5 3. Nh3 h5 4.
Bg2 h4 5. g4 Nc6 6. d3 d4 7. O-O Nf6 8. Bg5 Be7 9. c4 Nd7 10.
Bc1 Nc5 11. a3 a5 12. Nd2 Ne6 13. Ne4 g5 14. Rb1 a4 15. Bd2 f6 16. Qc2 b6 17.
f4 Nxf4 18. Nxf6+ Bxf6 19. Bxc6+ Bd7 20. Nxf4 gxf4 21. Bxa8 Qxa8 22. h3 Rg8 23. Rf2 Be7 24.
Rbf1 Bd6 25. b4 axb3 26. Qxb3 Rg6 27. Be1 Ba4 28. Qa2 e4 29. c5 bxc5 30. Rxf4 Bxf4 31.
Rxf4 Rg7 32. Qe6+ 1-0

[Event "Late-Titled-Tuesday-Blitz-October-10-2023"]
[Site "Chess.com"]
[Date "2023.10.10"]
[Round "6"]
[White "Lady_Nika"]
[Black "Binary010"]
[Result "0-1"]
[WhiteElo "2566"]
[BlackElo "2833"]
[TimeControl "180+1"]
[EndTime "15:00:03 PDT"]
[Termination "Binary010 won by resignation"]

1. e4 c5 2. Nc3 d6 3. g3 g6 4. Bg2 Nc6 5. d3 Bg7 6. f4 e6 7.
Nf3 Nge7 8. O-O O-O 9. Rb1 Rb8 10.
Ne2 b5 11. Be3 b4 12. g4 f5 13. h3 fxe4 14. dxe4 Ba6 15. Rf2 Qc7 16. Ng3 Rbd8 17. Qe1 Nd4 18. Kh2 d5 19. e5 Nxf3+ 20. Bxf3 g5 21.
fxg5 Bxe5 22. Qg1 d4 23. Bd2 Nd5 24. Bxd5 Bxg3+ 25. Kh1 Bxf2 26. Bxe6+ Kh8 27. Qg2 Bb7 0-1